 Dungeon Crawl Stone Soup version 0.30-a0-737-gf23d94013f (webtiles) character file.

Game seed: 1722762652653632244

273 cheesebisquit the Skirmisher (level 6, -3/50 HPs)
             Began as a Minotaur Hunter on Feb 2, 2023.
             Killed from afar by Pikel (14 damage)
             ... with a bolt of light
             ... on level 4 of the Dungeon.
             The game lasted 00:07:59 (2178 turns).

cheesebisquit the Skirmisher (Minotaur Hunter)      Turns: 2178, Time: 00:08:00

Health: -3/50      AC:  5    Str: 15    XL:     6   Next: 3%
Magic:  5/5        EV: 27    Int:  6    God:
Gold:   123        SH:  0    Dex: 16    Spells: 5/5 levels left

rFire   + . .      SeeInvis .    a - +0 shortbow
rCold   . . .      Faith    .    (shield currently unavailable)
rNeg    . . .      Spirit   .    c - +0 leather armour
rPois   +          Reflect  .    (helmet restricted)
rElec   .          Harm     .    (no cloak)
rCorr   .          Rampage  .    f - +0 pair of gloves
Will    .....                    t - +0 pair of boots
Stlth   +                        i - amulet of the acrobat
HPRegen 0.28/turn                m - ring of poison resistance
MPRegen 0.09/turn                o - ring of protection from fire

@: confused, acrobatic
A: horns 2, retaliatory headbutt
a: no special abilities


You were on level 4 of the Dungeon.
You visited 1 branch of the dungeon, and saw 4 of its levels.

You collected 123 gold pieces.

Inventory:

Hand Weapons
 a - a +0 shortbow (weapon)
Armour
 c - a +0 leather armour (worn)
 f - a +0 pair of gloves (worn)
 t - a +0 pair of boots (worn)
Jewellery
 i - an amulet of the acrobat (around neck)
 m - a ring of poison resistance (left hand)
 o - a ring of protection from fire (right hand)
Scrolls
 b - 2 scrolls of immolation
 d - 4 scrolls of identify {unknown}
 g - a scroll of butterflies {unknown}
 h - a scroll of enchant weapon {unknown}
 k - a scroll of noise {unknown}
 l - a scroll of torment {unknown}
 n - a scroll of teleportation {unknown}
 q - 3 scrolls of magic mapping {unknown}
 r - 2 scrolls of fog {unknown}
Potions
 e - a potion of mutation {unknown}
 j - a potion of brilliance {unknown}
 p - 2 potions of lignification {unknown}
 s - a potion of attraction {unknown}


   Skills:
 - Level 2.4 Fighting
 + Level 8.0 Ranged Weapons
 - Level 2.1 Dodging
 - Level 0.7 Stealth


You had 5 spell levels left.
You didn't know any spells.
Your spell library was empty.

Dungeon Overview and Level Annotations

Branches:
Dungeon (4/15)
 Temple: D:4-7

Altars:
Qazlal
The Shining One

Annotations:
D:4 Pikel


Innate Abilities, Weirdness & Mutations

You have a pair of horns on your head.
You reflexively headbutt those who attack you in melee.


Message History

The lemure is moderately wounded.
The lemure hits you. The lemure misses you.
You shoot an arrow. The arrow hits the lemure.
The lemure is heavily wounded.
The lemure barely misses you. You furiously retaliate!
You headbutt the lemure. The lemure hits you but does no damage.
You shoot an arrow.
The arrow hits the lemure but does no damage.
The lemure is heavily wounded.
The lemure barely misses you.
You shoot an arrow. The arrow barely misses the lemure.
The lemure hits you. x2
You shoot an arrow. The arrow hits the lemure!
The lemure is severely wounded.
The lemure closely misses you. The lemure hits you! The lemure hits you.
The lemure completely misses you. You furiously retaliate!
You headbutt the lemure. The lemure attacks as you move away!
The lemure barely misses you. The lemure attacks as you move away!
The lemure barely misses you. The lemure completely misses you.
You furiously retaliate!
You headbutt the lemure!
You kill the lemure!
That felt strangely unrewarding.
The lemure attacks as you move away! The lemure completely misses you.
You furiously retaliate!
You headbutt the lemure! The lemure attacks as you move away!
The lemure hits you. The lemure attacks as you move away!
The lemure completely misses you. The lemure attacks as you move away!
The lemure barely misses you.
There is an open door here.
Pikel shouts!
The lemure attacks as you move away! The lemure hits you but does no damage.
Pikel completely misses you. You furiously retaliate!
You headbutt Pikel. Pikel barely misses you. You furiously retaliate!
You headbutt Pikel!
Pikel hits you with a +2 whip of electrocution.
You are electrocuted!
* * * LOW HITPOINT WARNING * * *
Pikel attacks as you move away! Pikel closely misses you.
The lemure completely misses you.
Pikel zaps a wand.
The bolt of light hits you!
You are confused.
You die...

######### ##....#
##.......# #....##
#........# ##....#
#........# #######....#
##..###### #...##<†..##
##..###.######...#......#
..........'....K.#......#
..........#...55.#......#
#'#####..####'##@#......#
... #'####..##.##.....#
.... #...#.......#.....#
..... #...#.......+.....#
......#...#.......#.....+
......#####'####.##.....#
....... .. ###.#....###
#...#....# #...'....#


You could see Pikel and 2 lemures.

Vanquished Creatures
  2 lemures (D:4)
  A jelly (D:3)
  An orc priest (D:3)
  Jessica (D:2)
  Natasha (thrice) (D:2)
  4 adders
  4 worms
  2 dart slugs (D:1)
  2 orcs (D:3)
  3 endoplasms (D:1)
  A giant cockroach (D:4)
  5 goblins
  7 hobgoblins
  6 jackals (D:1)
  5 kobolds
  2 quokkas
  4 ball pythons
  7 bats
  A frilled lizard (D:1)
  4 rats
65 creatures vanquished.

Notes
Turn   | Place    | Note
-------+----------+-------------------------------------------
     0 | D:1      | cheesebisquit the Minotaur Hunter began the quest for the
                  | Orb.
     0 | D:1      | Reached XP level 1. HP: 18/18 MP: 0/0
    95 | D:1      | Reached XP level 2. HP: 22/25 MP: 1/1
   125 | D:1      | Reached skill level 5 in Ranged Weapons
   304 | D:1      | Reached XP level 3. HP: 27/30 MP: 2/2
   693 | D:2      | Noticed Natasha
   700 | D:2      | Killed Natasha
   701 | D:2      | Reached skill level 6 in Ranged Weapons
   768 | D:2      | Noticed Natasha
   774 | D:2      | Killed Natasha
   775 | D:2      | Reached XP level 4. HP: 29/37 MP: 3/3
   791 | D:2      | Noticed Natasha
   795 | D:2      | Killed Natasha
  1156 | D:2      | Noticed Jessica
  1162 | D:2      | Killed Jessica
  1163 | D:2      | Reached skill level 7 in Ranged Weapons
  1163 | D:2      | Reached XP level 5. HP: 42/42 MP: 4/4
  1550 | D:3      | Found a stormy altar of Qazlal.
  1553 | D:3      | Noticed an air elemental
  1554 | D:3      | Noticed a fire elemental
  1554 | D:3      | Noticed a water elemental
  1878 | D:4      | Reached skill level 8 in Ranged Weapons
  1880 | D:4      | Noticed a lemure
  1880 | D:4      | Noticed a lemure
  1881 | D:4      | Noticed Pikel
  1881 | D:4      | Noticed a lemure
  1881 | D:4      | Noticed a lemure
  1968 | D:4      | Found a glowing golden altar of the Shining One.
  2105 | D:4      | Reached XP level 6. HP: 41/50 MP: 5/5
  2178 | D:4      | Killed from afar by Pikel

Illustrated notes

Levels and vault maps discovered:
D:1:      psy_arrival_fountain, layout_rooms
D:2:      minmay_wonky_spiral, layout_basic,
          hangedman_abyss_or_decor_lesser_grid, uniq_natasha, uniq_jessica
D:3:      layout_basic, nicolae_qazlal_style_of_elements, chequers_mini_garden
D:4:      layout_gridville, nicolae_tso_carved_into_rock, feat_on_display,
          uniq_edmund, uniq_duvessa, uniq_pikel

Skill      XL: |  1  2  3  4  5 |
---------------+----------------+-----
Ranged Weapons | 5 6 7 8 |  8.0
Fighting       | |  2.4
Dodging        | |  2.1
Stealth        | |  0.7

Action                     |  1- 3 |  4- 6 || total
---------------------------+-------+-------++-------
   Fire: Shortbow          |    93 |   107 ||   200
 Armour: Leather armour    |    10 |     7 ||    17
  Dodge: Dodged            |    22 |    36 ||    58

Table legend: (Time is in decaauts)
 A = Elapsed time spent in this place.
 B = Non-inter-level travel time spent in this place.
 C = Inter-level travel time spent in this place.
 D = Time resting spent in this place.
 E = Time spent auto-exploring this place.
 F = Levels seen in this place.
 G = Mean time per level.
                   A        B        C        D        E       F      G
               +--------+--------+--------+--------+--------+-----+--------+
         Total |   2239 |   2106 |    133 |      0 |   1642 |   4 |  559.8 |
       Dungeon |   2239 |   2106 |    133 |      0 |   1642 |   4 |  559.8 |
               +--------+--------+--------+--------+--------+-----+--------+

Top non-repeatable levels by time:
     D:2: 989 daAuts
     D:1: 502 daAuts
     D:3: 443 daAuts
     D:4: 304 daAuts
